 Dungeon Crawl Stone Soup version 0.32-a0-350-g4f4d228785 (webtiles) character file.

Game seed: 5246854347177093581

157 Goblin1989 the Cudgeller (level 5, -1/41 HPs)
             Began as a Demonspawn Delver on Feb 18, 2024.
             Slain by Jessica
             ... wielding a +3 dagger of venom
              (2 damage)
             ... on level 2 of the Dungeon.
             The game lasted 00:03:47 (2010 turns).

Goblin1989 the Cudgeller (Demonspawn Delver)        Turns: 2010, Time: 00:03:48

Health: -1/41      AC:  3    Str: 14    XL:     5   Next: 15%
Magic:  5/5        EV: 10    Int: 10    God:
Gold:   182        SH:  0    Dex: 15    Spells: 4/4 levels left

rFire   . . .        a - +0 mace
rCold   . . .        (no shield)
rNeg    . . .        b - +0 leather armour
rPois   .            (helmet restricted)
rElec   .            (no cloak)
rCorr   .            (no gloves)
SInv    .            (no boots)
Will    .....        (no amulet)
Stlth   +++          (no ring)
HPRegen 0.26/turn    (no ring)
MPRegen 0.18/turn

%: no passive effects
@: lethally poisoned (-1 -> -13), constricted
A: antennae 1, repulsion field 1, magic regeneration, demonic magic 1
a: no special abilities


You were on level 2 of the Dungeon.
You visited 1 branch of the dungeon, and saw 5 of its levels.

You collected 182 gold pieces.

Inventory:

Hand Weapons
 a - a +0 mace (weapon)
 j - a +0 quarterstaff
Missiles
 h - 5 poisoned darts (quivered)
Armour
 b - a +0 leather armour (worn)
Jewellery
 l - a +6 ring of intelligence
Wands
 g - a wand of digging (3) {@v3}
Scrolls
 c - 2 scrolls of fog
 d - 3 scrolls of revelation
 e - 2 scrolls of fear
 i - a scroll of poison {unknown}
 k - a scroll of teleportation {unknown}
 m - 3 scrolls of identify {unknown}
 q - a scroll of enchant armour {unknown}
Potions
 f - a potion of haste {@q3,}
 n - a potion of degeneration {unknown}
 o - a potion of magic
 p - a potion of enlightenment {unknown}
 r - a potion of berserk rage {unknown}
 s - a potion of curing {unknown}


   Skills:
 - Level 3.0 Fighting
 + Level 4.9 Maces & Flails
 - Level 1.7 Dodging
 - Level 4.5 Stealth


You had 4 spell levels left.
You didn't know any spells.
Your spell library contained the following spells:

 Spells                   Type           Power      Damage    Failure   Level
 Vhi's Electric Charge    Tloc/Air       0%         N/A       99%         4
 Arcjolt                  Conj/Air       0%         1d10      100%        5
 Plasma Beam              Fire/Air       0%         2x1d10    100%        6


Dungeon Overview and Level Annotations

Branches:
Dungeon (5/15) Zot: 25227
 Temple: D:4-7

Altars:

Shops:
D:4 [

Annotations:
D:2 Jessica


Innate Abilities, Weirdness & Mutations

You have a pair of small antennae on your head.
You are surrounded by a mild repulsion field. (EV +2)
You regenerate magic rapidly.
Spells you cast may paralyse adjacent enemies.


Message History

The ball python is severely wounded.
The ball python bites you but does no damage.
The ball python constricts you. The hobgoblin barely misses you.
You completely miss the ball python.
The ball python is severely wounded.
The ball python bites you but does no damage.
The ball python constricts you.
The hobgoblin hits you but does no damage.
The ball python bites you but does no damage.
The ball python constricts you.
You hit the ball python.
You kill the ball python!
The hobgoblin closely misses you.
You hit the hobgoblin but do no damage.
The hobgoblin hits you but does no damage.
The hobgoblin barely misses you.
You barely miss the hobgoblin. The hobgoblin closely misses you. x2
You sock the hobgoblin!
You kill the hobgoblin!
The hobgoblin closely misses you. x2
You barely miss the hobgoblin. The hobgoblin hits you.
You take 3 damage, and have 34/41 hp.
You sock the hobgoblin!
You kill the hobgoblin!
No target in view!
No target in view!
No target in view!
No target in view!
No target in view!
No target in view!
No target in view!
No target in view!
No target in view!
No target in view!
No target in view!
No target in view!
No target in view!
No target in view!
No target in view!
A bat comes into view.
Found 12 gold pieces.
You see here a hobgoblin corpse.
Health restored: 41 A bat is nearby!
A bat is nearby!
A bat is nearby!
Found a stone staircase leading down.
Jessica and a ball python come into view.
Jessica is wielding a +3 dagger of venom.
The helpless bat fails to defend itself.
You sock the bat!
You kill the bat!
Jessica casts a spell.
Jessica blinks!
You closely miss the ball python. The ball python closely misses you.
The ball python grabs you. The ball python constricts you.
You barely miss the ball python. The ball python misses you.
The ball python constricts you. The ball python misses you.
The ball python constricts you.
You take 2 damage, and have 39/41 hp.
You hit the ball python.
The ball python is heavily wounded.
Jessica hits you with a +3 dagger of venom.
You are poisoned.
The ball python bites you. The ball python constricts you.
Jessica barely misses you.
You take 5 damage, and have 34/41 hp.
You hit the ball python.
The ball python is severely wounded.
You feel sick. The ball python barely misses you.
The ball python constricts you. The ball python bites you.
The ball python constricts you.
Jessica shouts, "You are a ghastly nuisance!"
Jessica hits you with a +3 dagger of venom.
You are more poisoned.
You take 9 damage, and have 25/41 hp.
MASSIVE DAMAGE!!
You closely miss the ball python.
The ball python is severely wounded.
You feel very sick. The ball python misses you. The ball python constricts you.
Jessica gestures at you while chanting. Pain shoots through your body!
* * * LOW HITPOINT WARNING * * *
You are too injured to fight recklessly!
You are too injured to fight recklessly!
You take 20 damage, and have 5/41 hp.
MASSIVE DAMAGE!!
You are too injured to fight recklessly!
You are too injured to fight recklessly!
You are too injured to fight recklessly!
You are too injured to fight recklessly!
There is a lethal amount of poison in your body!
There is a lethal amount of poison in your body!
It was a potion of magic.
Magic courses through your body.
* * * LOW HITPOINT WARNING * * *
You feel very sick.
The ball python bites you but does no damage.
The ball python constricts you.
* * * LOW HITPOINT WARNING * * *
Jessica hits you with a +3 dagger of venom.
You die...

█..........█ █.█.█.█..
█.........†███.█.█.█..
█......█..†...........
█........████........
█........█ ███.█.█..
█........█ █.█.█..
█........█ █.█....
██████..██ █.███.█
█..@@..█ █.....█
......S....█ █.█ ███
█.█.█......█ █.█ █ █
█......█ ..█ █
█......█ █ .......> .
.█....██.. █.█████.
...


You could see Jessica and a ball python.

Vanquished Creatures
  A hound (D:4)
  3 gnolls (D:2)
  An adder (D:2)
  A dart slug (D:4)
  2 ribbon worms
  5 endoplasms
  3 giant cockroaches
  3 goblins
  5 hobgoblins (D:2)
  A quokka (D:4)
  7 ball pythons
  3 bats
  2 frilled lizards
  3 kobolds
  12 rats
52 creatures vanquished.

Notes
Turn   | Place    | Note
-------+----------+-------------------------------------------
     0 | D:5      | Goblin1989 the Demonspawn Delver began the quest for the
                  | Orb.
     0 | D:5      | Reached XP level 1. HP: 18/18 MP: 1/1
    10 | D:5      | Noticed an ogre
    16 | D:4      | Noticed a hound
    65 | D:4      | Noticed a hound
    71 | D:4      | Killed a hound
    72 | D:4      | Gained mutation: Spells you cast may paralyse adjacent
                  | enemies. [demonic ancestry]
    72 | D:4      | Reached XP level 2. HP: 21/24 MP: 2/2
    72 | D:4      | Gained mutation: You are surrounded by a mild repulsion
                  | field. (EV +2) [demonic ancestry]
    72 | D:4      | Reached XP level 3. HP: 25/29 MP: 3/3
   162 | D:4      | Found Verhiwy's Antique Armour Shop.
   966 | D:2      | Gained mutation: You regenerate magic rapidly. [demonic
                  | ancestry]
   966 | D:2      | Reached XP level 4. HP: 8/35 MP: 4/4
  1770 | D:2      | Gained mutation: You have a pair of small antennae on your
                  | head. [demonic ancestry]
  1770 | D:2      | Reached XP level 5. HP: 36/41 MP: 5/5
  2001 | D:2      | Noticed Jessica
  2010 | D:2      | HP: 2/41 [poisoned by Jessica]
  2010 | D:2      | Slain by Jessica

Illustrated notes

Levels and vault maps discovered:
D:1:      psy_arrival_fountain, layout_basic
D:2:      layout_basic, chequers_serial_rivers_room_a, minmay_rat_gold_closets,
          uniq_jessica
D:3:      layout_loops_ring, amcnicky_altar_gilded, lightli_temple_of_fire,
          mainiacjoe_overflow_24_doors, portal_sewer_entry_e,
          chequers_serial_rivers_room_b, chequers_serial_rivers_small_b,
          uniq_grinder, uniq_ijyb
D:4:      layout_rooms, nicolae_tso_carved_into_rock, serial_shops,
          nicolae_shop_crystal, shop, shop, nicolae_lakefront_shop
D:5:      layout_loops_ring, minmay_misc_feat_enclosed

Skill      XL: |  1  2  3  4 |
---------------+-------------+-----
Maces & Flails | 3 4 |  4.9
Fighting       | |  3.0
Dodging        | |  1.7
Stealth        | |  4.5

Action                     |  1- 3 |  4- 6 || total
---------------------------+-------+-------++-------
  Melee: Mace              |    71 |   108 ||   179
    Use: Potion            |     1 |     1 ||     2
   Stab: Sleeping          |     5 |    13 ||    18
         Distracted        |     1 |       ||     1
 Armour: Leather armour    |    35 |    47 ||    82
         Skin              |    12 |    13 ||    25
  Dodge: Dodged            |    51 |    73 ||   124

Table legend: (Time is in decaauts)
 A = Elapsed time spent in this place.
 B = Non-inter-level travel time spent in this place.
 C = Inter-level travel time spent in this place.
 D = Time resting spent in this place.
 E = Time spent auto-exploring this place.
 F = Levels seen in this place.
 G = Mean time per level.
                   A        B        C        D        E       F      G
               +--------+--------+--------+--------+--------+-----+--------+
         Total |   2045 |   2015 |     30 |    461 |    957 |   5 |  409.0 |
       Dungeon |   2045 |   2015 |     30 |    461 |    957 |   5 |  409.0 |
               +--------+--------+--------+--------+--------+-----+--------+

Top non-repeatable levels by time:
     D:2: 1100 daAuts
     D:1: 675 daAuts
     D:4: 174 daAuts
     D:3: 79 daAuts
     D:5: 16 daAuts
